 Dungeon Crawl Stone Soup version 0.27-a0-1273-gec92ba881d (webtiles) character file.

Game seed: 1870199862345972079

12523 freelancePsychic the Geomancer (level 11, -12/86 HPs)
             Began as a Demonspawn Wanderer on June 11, 2021.
             Was a Believer of Vehumet.
             Mangled by a seven-headed hydra (15 damage)
             ... on level 2 of the Lair of Beasts.
             The game lasted 00:31:07 (14733 turns).

freelancePsychic the Geomancer (DsWn)              Turns: 14733, Time: 00:31:08

Health: -12/86     AC:  6    Str: 16    XL:     11   Next: 63%
Magic:  0/17       EV: 13    Int: 17    God:    Vehumet [**....]
Gold:   477        SH:  0    Dex: 12    Spells: 9/18 levels left

rFire    . . .     SeeInvis .   j - +5 war axe of Conflict {venom, Will++ Str+2 Dex-2 Stlth+}
rCold    . . .     Faith    .   (no shield)
rNeg     . . .     Spirit   .   r - +2 leather armour of the Shrike {Str+3}
rPois    .         Reflect  .   (helmet unavailable)
rElec    .         Harm     .   (no cloak)
rCorr    .         Rampage  .   i - +0 pair of gloves
Will     +++..                  (no boots)
Stlth    +++.......             h - amulet of regeneration
HPRegen  1.24/turn              q - ring of willpower
MPRegen  0.15/turn              (no ring)

@: very slightly contaminated
A: horns 3, talons 2, ignite blood 1, demonic magic 2
a: Renounce Religion


You were on level 2 of the Lair of Beasts.
You worshipped Vehumet.
Vehumet was pleased with you.
You visited 3 branches of the dungeon, and saw 13 of its levels.
You also visited: Ossuary.

You collected 477 gold pieces.

Inventory:

Hand Weapons
 a - a +3 falchion
 e - a +0 dagger
 j - the +5 war axe of Conflict (weapon) {venom, Will++ Str+2 Dex-2 Stlth+}
   (You found it on level 7 of the Dungeon)

   It poisons the flesh of those it strikes.
   It affects your strength (+2).
   It affects your dexterity (-2).
   It greatly increases your willpower.
   It makes you more stealthy.
Missiles
 C - a throwing net
 N - a curare-tipped dart
Armour
 b - a +1 leather armour
 i - a +0 pair of gloves (worn)
 r - the +2 leather armour of the Shrike (worn) {Str+3}
   (You found it on level 4 of the Dungeon)

   It affects your strength (+3).
 w - a +1 ring mail of cold resistance
Jewellery
 h - an amulet of regeneration (around neck)
 q - a ring of willpower (left hand)
 u - an amulet of faith
 y - a +6 ring of strength
 z - a ring of fire
 A - an amulet of reflection
Wands
 E - a wand of flame (29)
 G - a wand of acid (23)
 I - a wand of mindburst (4)
 J - a wand of paralysis (11)
 L - a wand of digging (6)
Scrolls
 g - 2 scrolls of amnesia
 k - a scroll of immolation
 l - 3 scrolls of teleportation {@r4}
 o - a scroll of fear
 v - a scroll of enchant weapon
 x - 2 scrolls of noise
 B - 5 scrolls of identify {@r1}
 D - 2 scrolls of fog
 H - a scroll of torment
 M - a scroll of silence {unknown}
Potions
 c - a potion of heal wounds {unknown}
 d - 2 potions of flight
 f - 3 potions of brilliance
 m - 2 potions of attraction
 n - 2 potions of haste {@q3}
 p - 3 potions of lignification
 t - a potion of might {unknown}
 F - 2 potions of curing {@q1}
 K - 2 potions of ambrosia
Miscellaneous
 s - a condenser vane (inert)


   Skills:
 + Level 7.8 Fighting
 - Level 1.7 Long Blades
 - Level 1.0 Throwing
 - Level 6.3 Dodging
 - Level 1.7 Stealth
 - Level 4.0 Spellcasting
 - Level 7.4 Conjurations
 - Level 1.0 Summonings
 - Level 4.5 Transmutations
 + Level 11.4 Earth Magic


You had 9 spell levels left.
You knew the following spells:

 Your Spells              Type           Power      Damage    Failure   Level
a - Sandblast             Erth           84%        2d18      1%          1
b - Summon Small Mammal   Summ           24%        N/A       13%         1
c - Stone Arrow           Conj/Erth      70%        3d11      1%          3
d - Petrify               Tmut/Erth      30%        N/A       8%          4

Your spell library contained the following spells:

 Spells                   Type           Power      Damage    Failure   Level
 Static Discharge         Conj/Air       16%        N/A       6%          2
 Passwall                 Tmut/Erth      25%        N/A       1%          2
 Foxfire                  Conj/Fire      64%        2x1d7     4%          1
 Lee's Rapid Deconstruct  Erth           21%        3d13*     4%          5
 Conjure Flame            Conj/Fire      16%        6-21      13%         3
 Freeze                   Ice            12%        1d4       19%         1
 Call Canine Familiar     Summ           6%         N/A       36%         3
 Hailstorm                Conj/Ice       16%        3d6       38%         4
 Sticky Flame             Conj/Fire      16%        2d4       38%         4
 Frozen Ramparts          Ice            6%         1d2       50%         3
 Inner Flame              Hex/Fire       3%         N/A       50%         3
 Ozocubu's Armour         Ice            3%         N/A       50%         3
 Fireball                 Conj/Fire      8%         3d6       75%         5
 Metabolic Englaciation   Hex/Ice        1%         N/A       99%         5
 Haunt                    Necr/Summ      2%         N/A       100%        7
 Malign Gateway           Summ/Tloc      2%         N/A       100%        7
 Monstrous Menagerie      Summ           3%         N/A       100%        7
 Summon Horrible Things   Summ           3%         N/A       100%        8


Dungeon Overview and Level Annotations

Branches:
Dungeon (10/15)            Temple (1/1) D:7            Lair (1/6) D:9
    Orc (0/2) D:10        Ossuary (visited)

Altars:
Ashenzari
Cheibriados
Dithmenos
Elyvilon
Fedhas
Gozag
Hepliaklqana
Kikubaaqudgha
Makhleb
Nemelex Xobeh
Okawaru
Qazlal
Ru
Sif Muna
Trog
Uskayaw
Vehumet
Wu Jian
Xom
Yredelemnul
Zin
The Shining One

Annotations:
D:5 Eustachio
D:10 1 runed translucent door


Innate Abilities, Weirdness & Mutations

You have a pair of large horns on your head.
You have razor-sharp toenails.
Your demonic aura sometimes causes spilled blood to erupt in flames.
Spells you cast may paralyse nearby enemies.


Message History

The fungus is engulfed in blazing flames.
The fungus begins to die.
The six-headed hydra bites you. The six-headed hydra misses you.
The six-headed hydra bites you. The six-headed hydra bites you!
The six-headed hydra barely misses you. The six-headed hydra misses you.
Casting: Stone Arrow (safe; 1% risk of failure)
Confirm with . or Enter, or press ? or * to list all spells.
Aiming: Stone Arrow (safe; 1% risk of failure)
Press: ? - help, Shift-Dir - straight line, f/p - six-headed hydra
Aim: a six-headed hydra (heavily wounded, 91% to hit)
The stone arrow hits the six-headed hydra!!
The six-headed hydra is almost dead.
Malevolent energies surge around you.
The six-headed hydra suddenly stops moving!
The fungus is engulfed in blazing flames.
Casting: Stone Arrow (safe; 1% risk of failure)
Confirm with . or Enter, or press ? or * to list all spells.
You don't have enough magic to cast this spell.
Unknown command.
The helpless six-headed hydra fails to defend itself.
You hack one of the six-headed hydra's heads off!
The five-headed hydra grows two more!
You slash the seven-headed hydra!
The seven-headed hydra is poisoned.
The seven-headed hydra is almost dead.
You hit the fungus.
The seven-headed hydra is no longer paralysed.
The fungus is engulfed in blazing flames.
The seven-headed hydra closely misses you.
The seven-headed hydra bites you! The seven-headed hydra bites you.
* * * LOW HITPOINT WARNING * * *
The seven-headed hydra bites you!
* * * LOW HITPOINT WARNING * * *
The seven-headed hydra misses you. The seven-headed hydra bites you!
* * * LOW HITPOINT WARNING * * *
The seven-headed hydra misses you. x2
The seven-headed hydra barely misses you. x2
The seven-headed hydra bites you.
* * * LOW HITPOINT WARNING * * *
The seven-headed hydra bites you!
You die...

##### #####
####.#.########
#.#P###.###...#.P##..
##..@D...............
#P..#☼+P..#..........
#...##.#.##.##.......
#...##...............
##..#................
#..#........P.......
#.PP.PP....#........
PPPP.PPPP...........
PPPP.PPPP#....†.....


You could see a seven-headed hydra (very poisoned).

Vanquished Creatures
  An orc high priest (D:10)
  Nergalle (D:10)
  A deep elf pyromancer (D:9)
  2 elephants (Lair:2)
  Joseph (D:10)
  A cane toad (Lair:1)
  2 kobold demonologists (D:10)
  A komodo dragon (Lair:1)
  A troll (D:10)
  A slime creature (D:10)
  Prince Ribbit (D:7)
  2 wraiths
  4 wyverns
  11 yaks
  3 basilisks
  6 water moccasins
  3 necrophages
  An ice beast (D:8)
  4 orc warriors
  2 black bears
  4 ogres
  4 wolves (D:9)
  A centaur (D:8)
  2 phantoms
  6 kobold brigands
  A gnoll sergeant (D:10)
  5 bullfrogs
  3 scorpions
  A water moccasin zombie (D:5)
  7 killer bees
  4 wights (D:9)
  3 howler monkeys
  4 centaur zombies
  4 orc priests
  A bullfrog skeleton (D:7)
  3 jellies
  4 centaur skeletons
  A human zombie (Ossuary)
  5 hounds
  Jessica (D:3)
  Terence (D:3)
  An iguana (D:4)
  3 orc wizards
  3 mummies (Ossuary)
  2 howler monkey zombies (D:9)
  2 gnolls (D:10)
  4 adders
  An ufetubus (D:7)
  A worm (D:4)
  26 orcs
  6 endoplasms
  4 giant cockroaches
  5 goblins
  9 hobgoblins
  8 jackals
  11 kobolds
  5 quokkas
  6 ball pythons
  4 bats
  5 frilled lizards
  4 goblin zombies (Ossuary)
  4 hobgoblin zombies (Ossuary)
  2 kobold zombies (Ossuary)
  7 rats
237 creatures vanquished.

Vanquished Creatures (collateral kills)
  An adder (D:2)
1 creature vanquished.

Vanquished Creatures (others)
  A bush (Lair:2)
  58 fungi
  86 plants
145 creatures vanquished.

Grand Total: 383 creatures vanquished

Notes
Turn   | Place    | Note
-------+----------+-------------------------------------------
     0 | D:1      | freelancePsychic the Demonspawn Wanderer began the quest
                  | for the Orb.
     0 | D:1      | freelancePsychic set off with the following items: a +2
                  | falchion, a potion of curing {@q1}, a +0 robe, a +0 dagger;
                  | and the following spell memorised: Summon Small Mammal; and
                  | the following spells available to memorise: Call Canine
                  | Familiar
     0 | D:1      | Reached XP level 1. HP: 13/13 MP: 5/5
   766 | D:1      | Reached skill level 1 in Fighting
   766 | D:1      | Reached skill level 1 in Dodging
   766 | D:1      | Gained mutation: Your demonic aura sometimes causes spilled
                  | blood to erupt in flames. [demonic ancestry]
   766 | D:1      | Reached XP level 2. HP: 21/21 MP: 7/7
  1590 | D:1      | Found an ancient bone altar of Kikubaaqudgha.
  1744 | D:2      | Gained mutation: You have a pair of small horns on your
                  | head. [demonic ancestry]
  1744 | D:2      | Reached XP level 3. HP: 23/27 MP: 2/8
  2844 | D:3      | Gained mutation: You have a pair of horns on your head.
                  | [demonic ancestry]
  2844 | D:3      | Reached XP level 4. HP: 34/34 MP: 10/10
  2964 | D:3      | Noticed Jessica
  2967 | D:3      | Killed Jessica
  3465 | D:3      | Found a faded altar of an unknown god.
  3502 | D:3      | Noticed Terence
  3539 | D:4      | Identified a scroll of acquirement
  3539 | D:4      | Acquired a book of Geomancy
  3547 | D:4      | Learned a level 1 spell: Sandblast
  3648 | D:4      | Found a hazy altar of Hepliaklqana.
  3695 | D:4      | Reached skill level 1 in Conjurations
  3695 | D:4      | Reached skill level 1 in Earth Magic
  3695 | D:4      | Gained mutation: Spells you cast may paralyse adjacent
                  | enemies. [demonic ancestry]
  3695 | D:4      | Reached XP level 5. HP: 26/41 MP: 11/11
  3784 | D:4      | Learned a level 3 spell: Stone Arrow
  3855 | D:4      | Reached skill level 2 in Earth Magic
  3855 | D:4      | Reached XP level 6. HP: 25/47 MP: 12/12
  3890 | D:4      | Found a sand-covered staircase.
  3897 | Ossuary  | Entered an ossuary
  3897 | Ossuary  | Noticed a wraith
  3897 | Ossuary  | Noticed a wraith
  3897 | Ossuary  | Noticed a wraith
  4419 | Ossuary  | Noticed a wraith
  4433 | Ossuary  | Killed a wraith
  4434 | Ossuary  | Reached skill level 3 in Earth Magic
  5248 | D:4      | Identified the +2 leather armour of the Shrike {Str+3}
  5281 | D:4      | Gained mutation: You have sharp toenails. [demonic
                  | ancestry]
  5281 | D:4      | Reached XP level 7. HP: 51/52 MP: 13/13
  5323 | D:5      | Entered Level 5 of the Dungeon
  5444 | D:3      | Killed Terence
  6143 | D:5      | Reached skill level 4 in Earth Magic
  6143 | D:5      | Identified the +2 hat "Weuttidoa" {Dex+6 Slay-3}
  6253 | D:5      | Noticed Eustachio
  6282 | D:5      | Reached skill level 5 in Conjurations
  6441 | D:6      | Identified the +1 leather armour "Jitatitao" {Dex+4}
  6620 | D:6      | Reached skill level 5 in Earth Magic
  6620 | D:6      | Gained mutation: You have razor-sharp toenails. [demonic
                  | ancestry]
  6620 | D:6      | Reached XP level 8. HP: 58/58 MP: 7/14
  7421 | D:7      | Noticed Prince Ribbit
  7423 | D:7      | Killed Prince Ribbit
  7424 | D:7      | Reached skill level 6 in Earth Magic
  7490 | D:7      | Found a staircase to the Ecumenical Temple.
  7640 | Temple   | Entered the Ecumenical Temple
  7795 | Temple   | Became a worshipper of Vehumet
  8469 | D:7      | Identified the +5 war axe of Conflict {venom, Will++ Str+2
                  | Dex-2 Stlth+}
  8559 | D:7      | Gained mutation: You have a pair of large horns on your
                  | head. [demonic ancestry]
  8559 | D:7      | Reached XP level 9. HP: 54/63 MP: 11/15
  8655 | D:7      | Reached skill level 7 in Earth Magic
  8749 | D:7      | Identified the +0 leather armour of Cowardice {rElec rC+
                  | Int-2 Dex+2}
  9612 | D:8      | Reached skill level 5 in Fighting
 10467 | D:9      | Reached skill level 8 in Earth Magic
 10647 | D:9      | Reached XP level 10. HP: 65/74 MP: 1/16
 10651 | D:9      | Reached skill level 5 in Dodging
 10667 | D:8      | Reached skill level 9 in Earth Magic
 10747 | D:8      | Learned a level 4 spell: Petrify
 11017 | D:9      | Reached * piety under Vehumet
 11017 | D:9      | Offered knowledge of Shock by Vehumet.
 11018 | D:9      | Reached skill level 1 in Transmutations
 11160 | D:9      | Found a staircase to the Lair.
 11449 | D:9      | Noticed a deep elf pyromancer
 11461 | D:9      | Killed a deep elf pyromancer
 11761 | D:10     | Entered Level 10 of the Dungeon
 11770 | D:10     | Noticed Joseph
 11836 | D:10     | Killed Joseph
 12226 | D:10     | Found a staircase to the Orcish Mines.
 12274 | D:9      | Reached skill level 10 in Earth Magic
 12500 | D:9      | HP: 3/74 [poisoned by kobold brigand (curare-tipped dart)]
 13174 | D:10     | Found a transporter.
 13193 | D:10     | Found a transporter.
 13200 | D:10     | Noticed an orc high priest
 13217 | D:10     | Killed an orc high priest
 13218 | D:10     | Gained mutation: Spells you cast may paralyse nearby
                  | enemies. [demonic ancestry]
 13218 | D:10     | Reached XP level 11. HP: 80/80 MP: 17/17
 13384 | D:10     | Offered knowledge of Static Discharge by Vehumet.
 13519 | D:10     | Noticed Nergalle
 13528 | D:10     | Killed Nergalle
 13536 | D:10     | Reached ** piety under Vehumet
 13625 | D:10     | Found a runed translucent door.
 13756 | D:10     | Noticed a boulder beetle
 13756 | D:10     | Noticed an orc knight
 13757 | D:10     | Noticed a fire dragon
 14027 | Lair:1   | Entered Level 1 of the Lair of Beasts
 14117 | Lair:1   | Reached skill level 11 in Earth Magic
 14461 | Lair:1   | You fall into a shaft and drop 1 floor!
 14463 | Lair:2   | Noticed a dire elephant
 14467 | Lair:2   | Noticed a six-headed hydra
 14733 | Lair:2   | HP: 3/86 [seven-headed hydra (4)]
 14733 | Lair:2   | Mangled by a seven-headed hydra

Illustrated notes

Levels and vault maps discovered:
D:1:      dpeg_arrival_lava_altar, layout_loops_corners, nrook_uturn
D:2:      layout_loops_ring
D:3:      mumra_celtic_spiral_tile, layout_basic,
          shapermc_ecumenical_altar_mp_highgroup, uniq_jessica, uniq_terence
D:4:      layout_loops_ring, lemuel_round_altar, nicolae_ossuary_entry_plus
D:5:      layout_rooms, dk_vineyard_2, uniq_eustachio, uniq_pikel
D:6:      layout_loops_ring
D:7:      layout_rooms, minmay_temple_entry_purple_smoke, uniq_prince_ribbit1
D:8:      layout_layer_cave
D:9:      layout_roguey, minmay_lair_entry_grove
D:10:     gammafunk_wand_slinger, layout_basic,
          kennysheep_orc_monster_closet_entryway, kennysheep_doodads,
          wad_hexagon, uniq_nergalle, uniq_joseph
Temple:   kilobyte_greek_temple
Lair:1:   layout_hall_layers, minmay_stone_trees_medium, grunt_megastairs_5
Lair:2:   mu_elephants_graveyard, layout_regular_city, elwin_shoals_entry_rooms,
          serial_forest, infiniplex_forest_corner_2, infiniplex_forest_end_2,
          infiniplex_forest_end_double, infiniplex_forest_lined_room_2,
          infiniplex_forest_fountain, hellmonk_guarded_unrand_vines,
          lemuel_fruit_tree

Skill      XL: |  1  2  3  4  5  6  7  8  9 10 11 |
---------------+----------------------------------+-----
Fighting       | 1 2 3 5 7 |  7.8
Dodging        | 1 2 4 6 |  6.3
Conjurations   | 1 2 3 5 7 |  7.4
Earth Magic    | 1 2 3 5 6 8 10 11 | 11.4
Transmutations | 4 |  4.5
Long Blades    | |  1.7
Throwing       | |  1.0
Stealth        | |  1.7
Spellcasting   | |  4.0
Summonings     | |  1.0

Action                   |  1- 3 |  4- 6 |  7- 9 | 10-12 || total
-------------------------+-------+-------+-------+-------++-------
Melee: Falchion          |   119 |   110 |    46 |       ||   275
       Headbutt          |     7 |    20 |    17 |    16 ||    60
       Unarmed           |       |    14 |       |       ||    14
       Kick              |       |       |    27 |    31 ||    58
       War axe           |       |       |    28 |    94 ||   122
 Cast: Summon Small Mamm |     9 |     2 |       |       ||    11
       Stone Arrow       |       |     3 |    96 |   108 ||   207
       Petrify           |       |       |       |    12 ||    12
Evoke: Condenser vane    |       |       |       |     1 ||     1
       Wand              |       |       |       |    11 ||    11
  Use: Scroll            |     6 |     5 |     4 |     8 ||    23
       Potion            |       |     2 |       |       ||     2
 Stab: Sleeping          |     3 |     6 |     2 |     1 ||    12
       Paralysed         |       |       |     6 |    18 ||    24
       Petrified         |       |       |       |    12 ||    12
Armor: Leather armour    |    33 |    36 |    38 |    41 ||   148
       Skin              |       |    33 |       |       ||    33
Dodge: Dodged            |    69 |    78 |    60 |   123 ||   330
       Rpst.: Falchion   |    18 |    22 |     9 |       ||    49

Table legend: (Time is in decaauts)
 A = Elapsed time spent in this place.
 B = Non-inter-level travel time spent in this place.
 C = Inter-level travel time spent in this place.
 D = Time resting spent in this place.
 E = Time spent auto-exploring this place.
 F = Levels seen in this place.
 G = Mean time per level.
                   A        B        C        D        E       F      G
               +--------+--------+--------+--------+--------+-----+--------+
         Total |  14906 |  14415 |    491 |   1048 |  10985 |  14 | 1064.7 |
       Dungeon |  13051 |  12593 |    458 |    852 |   9688 |  10 | 1305.1 |
        Temple |    187 |    155 |     32 |      0 |    129 |   1 |  187.0 |
          Lair |    710 |    710 |      0 |      0 |    551 |   2 |  355.0 |
       Ossuary |    957 |    957 |      0 |    196 |    617 |   1 |  957.0 |
               +--------+--------+--------+--------+--------+-----+--------+

Top non-repeatable levels by time:
     D:9: 2136 daAuts
     D:8: 1794 daAuts
     D:1: 1629 daAuts
     D:3: 1411 daAuts
    D:10: 1408 daAuts
     D:7: 1177 daAuts
     D:2: 1069 daAuts
     D:4: 1033 daAuts
     D:6: 1005 daAuts
 Ossuary: 957 daAuts
  Lair:1: 434 daAuts
     D:5: 386 daAuts
  Lair:2: 275 daAuts
  Temple: 187 daAuts
